 Dungeon Crawl Stone Soup version 0.30-a0-605-gb2882149bf (webtiles) character file.

Game seed: 512713446602644285

368749 demibob the Deadly Accurate (level 21, -14/203 HPs)
             Began as a Troll Chaos Knight on Jan 7, 2023.
             Was the Champion of Okawaru.
             Shot with an arrow by a deep elf archer (16 damage)
             ... on level 1 of the Elven Halls.
             The game lasted 01:54:33 (40945 turns).

demibob the Deadly Accurate (Troll Chaos Knight)   Turns: 40945, Time: 01:54:34

Health: -14/203    AC: 18    Str: 33    XL:     21   Next: 30%
Magic:  20/20      EV:  8    Int: 12    God:    Okawaru [******]
Gold:   3604       SH: 10    Dex:  9    Spells: 20/20 levels left

rFire   + . .      SeeInvis +      - Unarmed
rCold   + . .      Faith    +    c - +1 kite shield of Makhleb's Castigation {rC+ Stlth+}
rNeg    + . .      Spirit   .    a - +2 acid dragon scales
rPois   +          Reflect  .    K - +2 hat {SInv}
rElec   +          Harm     .    g - +2 cloak
rCorr   +          Rampage  .    (gloves unavailable)
Will    ++++.                    (boots unavailable)
Stlth   +                        H - amulet of faith {!P}
HPRegen 2.13/turn                s - ring of Alell {rElec rPois rC+ Str-2 Dex-2}
MPRegen 0.17/turn                F - ring of Orthodoxy {Fire rN+ Will++ Str+4 Dex+3}

@: lethally poisoned (-14 -> -14), on fire, glowing, unable to drink
A: large, unfitting armour, claws 3, regeneration 2, shaggy fur 1, tough skin 1,
antennae 1, iridescent scales 1, clever 1, deformed body, frail 1, strong-willed
1, passive freeze, weak 1, subdued magic 1, inability to drink after injury 2,
MP-powered wands
}: 3/15 runes: decaying, serpentine, abyssal
a: Renounce Religion, Heroism, Finesse, Duel


You were on level 1 of the Elven Halls.
You worshipped Okawaru.
Okawaru was exalted by your worship.
You visited 8 branches of the dungeon, and saw 36 of its levels.
You visited the Abyss 1 time.
You also visited: Desolation.

You collected 4090 gold pieces.
You spent 486 gold pieces at shops.


Innate Abilities, Weirdness & Mutations

You are too large for most types of armour.
You have claws for hands.
You heal very quickly.
You are covered in fur. (AC +1)
You have tough skin. (AC +1)
You have a pair of small antennae on your head.
You are partially covered in iridescent scales. (AC +2)
Your mind is acute. (Int +4, Str/Dex -1)
Armour fits poorly on your strangely shaped body.
You are frail. (-10% HP)
You are strong-willed. (Will+)
A frigid envelope surrounds you and freezes all who hurt you.
You are weak. (Str -2)
Your spells are a little easier to cast, but a little less powerful.
You sometimes lose the ability to drink potions when taking damage.
You expend magic power (3 MP) to strengthen your wands.


   Skills:
 + Level 17.2 Fighting
 - Level 19.6 Throwing
 + Level 13.6 Armour
 - Level 1.9 Dodging
 - Level 9.0 Shields
 - Level 19.1 Unarmed Combat
 - Level 11.1 Evocations


You had 20 spell levels left.
You didn't know any spells.
Your spell library contained the following spells:

 Spells                   Type           Power      Damage    Failure   Level
 Apportation              Tloc           0%         N/A       52%         1
 Magic Dart               Conj           0%         1d3       52%         1
 Necrotise                Necr           0%         1d4       52%         1
 Slow                     Hex            0%         N/A       52%         1
 Ensorcelled Hibernation  Hex/Ice        0%         N/A       67%         2
 Static Discharge         Conj/Air       0%         2-2/arc   67%         2
 Dazzling Flash           Conj/Hex       0%         N/A       89%         3
 Hailstorm                Conj/Ice       0%         3d3       89%         3
 Mephitic Cloud           Conj/Pois/Air  0%         N/A       89%         3
 Vampiric Draining        Necr           0%         2d6       89%         3
 Vhi's Electric Charge    Tloc/Air       0%         N/A       89%         3
 Anguish                  Hex/Necr       0%         N/A       100%        4
 Ice Form                 Ice/Tmut       0%         N/A       100%        4
 Iskenderun's Mystic Bla  Conj/Tloc      0%         2d3       100%        4
 Agony                    Necr           0%         N/A       100%        5
 Alistair's Intoxication  Tmut/Pois      0%         N/A       100%        5
 Arcjolt                  Conj/Air       0%         1d10      100%        5
 Blade Hands              Tmut           0%         N/A       100%        5
 Borgnjor's Vile Clutch   Necr/Erth      0%         N/A       100%        5
 Lightning Bolt           Conj/Air       0%         1d11      100%        5
 Silence                  Hex/Air        0%         N/A       100%        5
 Yara's Violent Unravell  Hex/Tmut       0%         3d3       100%        5
 Eringya's Noxious Bog    Tmut/Pois      0%         N/A       100%        6
 Iron Shot                Conj/Erth      0%         9d1       100%        6
 Starburst                Conj/Fire      0%         6d3       100%        6
 Enfeeble                 Hex            0%         N/A       100%        7
 Summon Small Mammal      Summ           Unusable   N/A       N/A         1
 Call Imp                 Summ           Unusable   N/A       N/A         2
 Call Canine Familiar     Summ           Unusable   N/A       N/A         3
 Summon Guardian Golem    Hex/Summ       Unusable   N/A       N/A         3
 Animate Armour           Summ/Erth      Unusable   N/A       N/A         4
 Simulacrum               Ice/Necr       Unusable   N/A       N/A         6

Inventory:

Missiles
 n - 2 throwing nets {=f}
 y - 4 atropa-tipped darts
 E - 23 large rocks {=f}
 Q - 4 silver javelins
 W - 3 boomerangs (quivered)
Armour
 a - +2 acid dragon scales (worn)
 c - the +1 kite shield of Makhleb's Castigation (worn) {rC+ Stlth+}
   (You found it on level 13 of the Dungeon)

   rC:        It protects you from cold.
   Stlth:     It makes you more stealthy.
 g - a +2 cloak (worn)
 J - the +5 kite shield "Sulif" {Harm rC++ Str+4 Stlth-}
   (Okawaru gifted it to you on level 1 of the Elven Halls)

   Str:       It affects your strength (+4).
   rC:        It greatly protects you from cold.
   Harm:      It increases damage dealt and taken.
   Stlth:     It makes you less stealthy.
 K - a +2 hat of see invisible (worn)
 X - the +3 hat "Raxzaoq" {rCorr}
   (Okawaru gifted it to you in the Desolation of Salt)

   rCorr:     It protects you from acid and corrosion.
Jewellery
 s - the ring of Alell (left claw) {rElec rPois rC+ Str-2 Dex-2}
   (You acquired it on level 2 of the Snake Pit)

   [ring of protection from cold]

   Str:       It affects your strength (-2).
   Dex:       It affects your dexterity (-2).
   rC:        It protects you from cold.
   rElec:     It insulates you from electricity.
   rPois:     It protects you from poison.
 u - the ring of Xoguqim {rC+ MP+9 Dex+5 Slay+2}
   (You found it in the Desolation of Salt)

   [ring of magical power]

   Dex:       It affects your dexterity (+5).
   Slay:      It affects your accuracy & damage with ranged weapons and melee
   (+2).
   rC:        It protects you from cold.
   MP:        It affects your magic capacity (+9).
 C - a ring of protection from cold
 F - the ring of Orthodoxy (right claw) {Fire rN+ Will++ Str+4 Dex+3}
   (You found it in the Desolation of Salt)

   [ring of fire]

   It enhances your fire magic.
   Str:       It affects your strength (+4).
   Dex:       It affects your dexterity (+3).
   rF:        It protects you from fire.
   rC:        It makes you vulnerable to cold.
   rN:        It protects you from negative energy.
   Will:      It greatly increases your willpower.
 H - an amulet of faith (around neck) {!P}
 I - an amulet of the acrobat
 L - a ring of flight
 M - the ring of Lugonu's Respect {*Corrode rElec Will+++ MP+9 Stlth-}
   (You found it in the Desolation of Salt)

   [ring of magical power]

   rElec:     It insulates you from electricity.
   MP:        It affects your magic capacity (+9).
   *Corrode:  It may corrode you when you take damage.
   Will:      It greatly increases your willpower.
   Stlth:     It makes you less stealthy.
 P - an amulet of guardian spirit
 T - a +4 ring of protection
Wands
 i - a wand of polymorph (11)
 j - a wand of paralysis (18)
 r - a wand of flame (102)
 t - a wand of iceblast (5)
 x - a wand of light (20)
 A - a wand of mindburst (24)
 O - a wand of digging (28)
Scrolls
 h - 20 scrolls of identify {@r1}
 k - 8 scrolls of teleportation {@r2}
 v - a scroll of blinking
 z - a scroll of amnesia
 D - 3 scrolls of magic mapping
 N - 4 scrolls of fog
 R - 5 scrolls of enchant armour
 V - 3 scrolls of poison
Potions
 e - 12 potions of curing {@q1}
 f - 3 potions of heal wounds {@q2}
 l - 6 potions of brilliance
 m - 5 potions of flight
 p - 2 potions of invisibility
 q - 2 potions of resistance
 G - 2 potions of cancellation
 U - 3 potions of haste {@q3}
 Z - 2 potions of might
Miscellaneous
 b - a piece from Xom's chessboard (15/15)
 d - a phial of floods
 o - a condenser vane (inert)
 B - a phantom mirror
 S - a lightning rod (4/4)

Dungeon Overview and Level Annotations

Branches:
Dungeon (15/15)            Temple (0/1) D:7            Lair (5/5) D:10
  Swamp (4/4) Lair:2        Snake (4/4) Lair:3        Slime (0/5) Lair:4
    Orc (2/2) D:12            Elf (1/3) Orc:2        Vaults (4/5) D:14
  Crypt (0/3) Vaults:3     Depths (1/4) D:15        Desolation (visited)

Altars:
Dithmenos
Elyvilon
Gozag
Hepliaklqana
Makhleb
Okawaru
Trog
Uskayaw
Vehumet
Wu Jian
Xom
Yredelemnul
Zin
The Shining One
Lugonu

Shops:
D:13 [   Orc:2 (:![   Snake:1 *   Snake:3 (   Snake:4 (   Vaults:1 ?
Vaults:4 (

Portals:
Hell: Depths:1
Abyss: Lair:5

Annotations:
D:3 3 runed translucent doors, OTABOTABOTAB's ghost, amateur GnTm
Vaults:3 2 transporters, Ygreuj's ghost, veteran DsFi

##'#### ###.
####.....#####...
##e..........#....
#..##.....##.####.
#.######### ###
#§######### #..
#§##......# ###
#§##...e..#
#@§e).# . #§§e§.##
... ####)e.# ##.
#..#...# ##
#...#..# #..## .#
#..# # #..# #...


You could see 2 deep elf archers and a deep elf pyromancer.


Message History

The deep elf archer mumbles some strange words.
The deep elf archer blinks!
The deep elf archer is engulfed in freezing vapours.
You cannot drink potions in your current state!
As you read the scroll of fear, it crumbles to dust.
You assume a fearsome visage.
The deep elf archer easily resists.
The deep elf archer resists with some effort.
The deep elf archer looks frightened!
You feel sick.
The deep elf archer is engulfed in freezing vapours.
The deep elf archer gestures wildly while chanting.
The deep elf archer blinks!
The deep elf archer unwields a +1 short sword of venom.
It stops dripping with poison.
The deep elf archer wields a +0 longbow.
The deep elf archer shoots an arrow.
The arrow hits you!
* * * LOW HITPOINT WARNING * * *
The deep elf archer is engulfed in freezing vapours.
The deep elf archer shoots an arrow.
The arrow hits you!!
* * * LOW HITPOINT WARNING * * *
As you read the scroll of fog, it crumbles to dust.
The scroll dissolves into smoke.
You feel sick.
The deep elf archer shoots an arrow.
The arrow hits you!
* * * LOW HITPOINT WARNING * * *
You feel sick.
The deep elf pyromancer casts a spell at you.
The sticky flame hits you but does no damage.
You are covered in liquid flames!
The deep elf archer shoots an arrow.
The arrow hits you!
You die...
Xom titters!

Skill      XL: |  1  2  3  4  5  6  7  8  9 10 11 12 13 14 15 16 17 18 19 20 21 |
---------------+----------------------------------------------------------------+-----
Unarmed Combat | 4 5 6 8 9 11 13 14 16 17 19 | 19.1
Throwing       | 1 3 6 7 9 11 13 15 17 19 | 19.6
Fighting       | 3 6 8 11 13 15 16 17 | 17.2
Shields        | 3 7 9 |  9.0
Evocations     | 1 4 9 11 | 11.1
Armour         | 7 10 11 13 | 13.6
Dodging        | |  1.9

Action                   |  1- 3 |  4- 6 |  7- 9 | 10-12 | 13-15 | 16-18 | 19-21 || total
-------------------------+-------+-------+-------+-------+-------+-------+-------++-------
Melee: Unarmed           |   126 |    62 |   187 |   631 |  1208 |   982 |  1219 ||  4415
       Punch             |       |       |    11 |    48 |    10 |       |       ||    69
       Kick              |       |       |       |       |    44 |    28 |       ||    72
Throw: Dart              |       |       |     2 |     6 |       |       |     4 ||    12
       Large rock        |       |       |       |     7 |    91 |   238 |    42 ||   378
       Javelin           |       |       |       |       |       |    30 |    15 ||    45
       Boomerang         |       |       |       |       |       |       |   104 ||   104
Invok: Heroism           |       |       |       |       |       |     8 |    13 ||    21
Evoke: Wand              |       |       |     3 |    12 |     3 |     7 |     5 ||    30
       Condenser vane    |       |       |       |       |     3 |     6 |     7 ||    16
       Phantom mirror    |       |       |       |       |     1 |       |       ||     1
       Lightning rod     |       |       |       |       |       |    10 |     6 ||    16
       Phial of floods   |       |       |       |       |       |       |     2 ||     2
  Use: Potion            |       |     9 |       |    10 |    15 |     6 |     5 ||    45
       Scroll            |       |     5 |     7 |    15 |    13 |     6 |    16 ||    62
 Stab: Distracted        |       |       |     1 |       |       |       |       ||     1
       Invisible         |       |       |       |       |    13 |       |       ||    13
       Confused          |       |       |       |       |     8 |     2 |       ||    10
       Paralysed         |       |       |       |       |     2 |       |       ||     2
       Sleeping          |       |       |       |       |     3 |       |       ||     3
       Petrified         |       |       |       |       |     4 |       |       ||     4
Armor: Robe              |    51 |    40 |    71 |    74 |       |       |       ||   236
       Skin              |       |    12 |       |       |       |       |       ||    12
       Acid dragon scale |       |       |       |   357 |   627 |   415 |   576 ||  1975
Dodge: Dodged            |    52 |    41 |    76 |   312 |   414 |   231 |   360 ||  1486
Block: Kite shield       |       |       |       |       |   492 |   393 |   519 ||  1404

Levels and vault maps discovered:
D:1:      reono_arrival_forest_river, layout_basic
D:2:      layout_basic
D:3:      layout_rooms, mainiacjoe_overflow_chevrons, serial_curves,
          eino_curves_01, eino_curves_04, gammafunk_ghost_split
D:4:      layout_basic, minitemple, mainiacjoe_overflow_alcove_2, uniq_pikel
D:5:      layout_gridville, old_standard_altar, uniq_blork_the_orc
D:6:      layout_loops_cross
D:7:      layout_cave_pools, minmay_temple_entry_statues_pillars
D:8:      layout_loops_ring, serial_park_tiny_2, kennysheep_nondescript,
          st_stairs_12, amethyst_killhole, blue_anna_alchemist, uniq_grum,
          uniq_gastronok
D:9:      minmay_recursive_quarters, layout_long_grid,
          mainiacjoe_overflow_small_starburst,
          mainiacjoe_overflow_concentric_impassable
D:10:     layout_long_grid, dpeg_oklobed_lair
D:11:     nicolae_whirlpool, layout_loops_ring, uniq_josephine
D:12:     minmay_imperfect_grid, layout_long_grid, orc_0_dummy
D:13:     layout_cave_pools, serial_glass, glass_columns_b, glass_columns_b,
          glass_columns_b, glass_columns_b, glass_columns_b, serial_shops,
          shop_coins
D:14:     layout_roguey, erik_vaults_1, minmay_holes,
          hellmonk_guarded_unrand_frostbite
D:15:     grunt_enter_depths_magical_seal, layout_layer_cave,
          chequers_big_river, minmay_starry_boxes
Lair:1:   layout_cave_pods, gauntlet_entry_generic,
          nicolae_volcano_entry_hallway
Lair:2:   layout_cave_shapes, palyth_hydra_swamp_entry, minivault_25,
          beast_lair_carwin_4
Lair:3:   layout_chaotic_city, minmay_snake_entry_spellcaster
Lair:4:   layout_gridlike, minmay_slime_entry_jelly_boxes, lemuel_another_geyser
Lair:5:   hellmonk_lair_end_abyssal_woods, layout_regular_city, uniq_rupert
Swamp:1:  layout_basic_swamp, evilmike_swamp_ruin_house_5
Swamp:2:  layout_basic_swamp, evilmike_swamp_ruin_rubble_2
Swamp:3:  layout_basic_swamp, evilmike_swamp_ruin_house_2,
          infiniplex_staircase_pool, uniq_mara
Swamp:4:  swamp_old_school, layout_basic_swamp
Snake:1:  nicolae_snake_unarmed_stairs_patrol, layout_layer_cave,
          nicolae_shop_overcharged_wands
Snake:2:  layout_gridlike, basic_altar, nicolae_snake_scaly_snakehead
Snake:3:  layout_basic, grunt_megastairs_2, minmay_shop_star, uniq_aizul
Snake:4:  johnstein_snake_rune_scales, layout_cave_town, serial_shops,
          nicolae_shop_waterfront, nicolae_snake_naga_rites,
          serial_bayou_shore_a, lemuel_fruit_tree, serial_bayou_shore_b,
          uniq_vashnia
Orc:1:    layout_diamond_mine, hangedman_minor_magic
Orc:2:    st_orc_ogre_mass, layout_caves, uniq_donald
Elf:1:    eino_elf_arrival_shootout, layout_geoelf_octagon,
          gammafunk_ghost_fury_of_okawaru, hangedman_corner_corridor
Vaults:1: nicolae_vaults_network_periphery, ontoclasm_vaults_decontamination,
          vaults_room_ringed_pool, ontoclasm_vaults_pinch,
          ontoclasm_vaults_ring_small, nicolae_vaults_theta, v_pattern_2,
          vaults_room_pool, ontoclasm_vaults_chip, vaults_mumra_hex,
          layout_vaults_omnigrid, serial_shops, nicolae_shop_hallway_plus
Vaults:2: nicolae_vaults_network_square, v_misc_22, hangedman_vaults_stream,
          grunt_vaults_diagonal, vaults_dpeg_hooks,
          nicolae_vaults_network_quincunx
          [nicolae_vaults_network_quincunx_subvault,
          nicolae_vaults_network_quincunx_subvault,
          nicolae_vaults_network_quincunx_subvault,
          nicolae_vaults_network_quincunx_subvault,
          nicolae_vaults_network_quincunx_subvault], nicolae_vaults_theta,
          grunt_vaults_hallway_long, vaults_dpeg_diagonal, vaults_room_pools,
          layout_vaults_big_cross
Vaults:3: gammafunk_ghost_wrathful_warriors, ontoclasm_vaults_fault,
          minmay_crypt_entry_simple_statues, hangedman_vaults_nodes,
          nicolae_vaults_diagonal_hallway_7, v_rooms_5, v_misc_17,
          vaults_dpeg_emergency_exit, vaults_room_fancy_cross,
          grunt_vaults_funnel, layout_vaults_big_room
Vaults:4: portal_desolation_entry_holy_temple, nicolae_vaults_puzzle_piece,
          ontoclasm_vaults_ligature, grunt_vaults_focal, vaults_mumra_lcd,
          hangedman_vaults_cutoff, vaults_room_door_hall, v_misc_15, v_misc_14,
          vaults_room_stairs_pillars, vaults_room_door_ring,
          nicolae_vaults_little_squares_3, v_pattern_4, v_misc_15,
          layout_vaults_omnibox, serial_shops, nicolae_shop_statue_plus
Depths:1: layout_long_grid, enter_ziggurat_b, chequers_serial_rivers_micro_c,
          nicolae_abyss_entry_one_way_or_another, hellmouth_3,
          grunt_pan_entry_spiral, minmay_mirror_moons_of_madness

Notes
Turn   | Place    | Note
-------+----------+-------------------------------------------
     0 | D:1      | demibob the Troll Chaos Knight began the quest for the Orb.
     0 | D:1      | Reached XP level 1. HP: 22/22 MP: 0/0
    86 | D:1      | Reached XP level 2. HP: 29/29 MP: 1/1
   208 | D:1      | XOM: divination: magic mapping
   234 | D:1      | Reached skill level 4 in Unarmed Combat
   235 | D:1      | XOM: silly message
   341 | D:1      | Reached XP level 3. HP: 36/36 MP: 2/2
   463 | D:1      | XOM: silly message
   577 | D:1      | XOM: cloud trail
   719 | D:2      | XOM: cloud trail
  1270 | D:2      | XOM is BORED!
  1270 | D:2      | XOM: noise
  1430 | D:3      | Found a radiant altar of Vehumet.
  1473 | D:3      | Reached XP level 4. HP: 40/44 MP: 3/3
  1473 | D:3      | XOM: cast spell 'Alistair's Intoxication'
  1477 | D:3      | Reached skill level 5 in Unarmed Combat
  1490 | D:3      | HP: 4/44 [gnoll/+0 whip[a gnoll bouda] (1)]
  1494 | D:3      | XOM: potion effect (heal wounds)
  1500 | D:3      | Reached XP level 5. HP: 31/50 MP: 4/4
  1601 | D:3      | Noticed OTABOTABOTAB's ghost (amateur GnTm)
  1608 | D:3      | Found a runed translucent gate.
  1608 | D:3      | Found a runed translucent gate.
  1608 | D:3      | Found a runed translucent gate.
  1637 | D:3      | Reached skill level 6 in Unarmed Combat
  1853 | D:3      | XOM: give mutations
  1853 | D:3      | Gained mutation: You are partially covered in iridescent
                  | scales. (AC +2) [Xom's grace]
  1853 | D:3      | Gained mutation: You possess an exceptional clarity of
                  | mind. [Xom's grace]
  1853 | D:3      | Gained mutation: Your mind is acute. (Int +4, Str/Dex -1)
                  | [Xom's grace]
  1993 | D:4      | Reached XP level 6. HP: 59/59 MP: 5/5
  1998 | D:4      | Noticed Pikel
  2002 | D:4      | XOM: confuse monster(s)
  2003 | D:4      | XOM: fog
  2020 | D:4      | Killed Pikel
  2021 | D:4      | Reached skill level 8 in Unarmed Combat
  2021 | D:4      | Reached XP level 7. HP: 50/66 MP: 6/6
  2074 | D:4      | Reached skill level 9 in Unarmed Combat
  2091 | D:4      | Found an ornate altar of the Wu Jian Council.
  2171 | D:4      | Found an opulent altar of Gozag.
  2172 | D:4      | Found a basalt altar of Yredelemnul.
  2173 | D:4      | Found a shadowy altar of Dithmenos.
  2176 | D:4      | Found a white marble altar of Elyvilon.
  2177 | D:4      | Found a shimmering altar of Xom.
  2178 | D:4      | Found a hide-covered altar of Uskayaw.
  2226 | D:4      | XOM: god gift: wand of light (8)
  2581 | D:5      | Entered Level 5 of the Dungeon
  2657 | D:5      | Noticed Blork the orc
  2665 | D:5      | Killed Blork the orc
  2786 | D:5      | Reached skill level 1 in Throwing
  2786 | D:5      | Reached XP level 8. HP: 73/74 MP: 7/7
  2864 | D:5      | Found an iron altar of Okawaru.
  2872 | D:5      | Reached skill level 10 in Unarmed Combat
  3021 | D:6      | XOM: enchant monster (good)
  3026 | D:6      | Reached skill level 2 in Throwing
  3032 | D:6      | XOM: summons friendly crimson imp
  3039 | D:6      | XOM: potion effect (curing)
  3196 | D:6      | Reached skill level 3 in Throwing
  3253 | D:6      | Reached skill level 11 in Unarmed Combat
  3305 | D:6      | XOM: noise
  3329 | D:6      | XOM: noise
  3360 | D:6      | XOM: 3-stop teleportation journey
  3485 | D:6      | Reached XP level 9. HP: 63/80 MP: 8/8
  3678 | D:7      | XOM: 1-stop teleportation journey
  3686 | D:7      | Reached skill level 4 in Throwing
  3776 | D:7      | Found a staircase to the Ecumenical Temple.
  3911 | D:7      | Reached skill level 12 in Unarmed Combat
  4138 | D:7      | XOM: silly message
  4204 | D:8      | Noticed Grum
  4216 | D:8      | XOM: silly message
  4218 | D:8      | Killed Grum
  4219 | D:8      | Reached skill level 5 in Throwing
  4365 | D:8      | Noticed Gastronok
  4377 | D:8      | XOM: summons friendly shadow imp
  4382 | D:8      | Killed Gastronok
  4383 | D:8      | Reached skill level 6 in Throwing
  4383 | D:8      | Reached skill level 13 in Unarmed Combat
  4383 | D:8      | Reached XP level 10. HP: 70/88 MP: 9/9
  4459 | D:8      | XOM: swap monsters
  4466 | D:8      | XOM: enchant monster (bad)
  4716 | D:8      | XOM: give mutations
  4716 | D:8      | Gained mutation: Your body sometimes deteriorates upon
                  | taking damage. [Xom's mischief]
  4716 | D:8      | Gained mutation: You are clumsy. (Dex -2) [Xom's mischief]
  4716 | D:8      | Gained mutation: You are weak. (Str -2) [Xom's mischief]
  4717 | D:8      | Lost mutation: You possess an exceptional clarity of mind.
                  | [potion of mutation]
  4717 | D:8      | Lost mutation: You are partially covered in iridescent
                  | scales. (AC +2) [potion of mutation]
  4717 | D:8      | Lost mutation: You are weak. (Str -2) [potion of mutation]
  4717 | D:8      | Lost mutation: Your mind is acute. (Int +4, Str/Dex -1)
                  | [potion of mutation]
  4717 | D:8      | Gained mutation: You occasionally lose the ability to read
                  | scrolls when taking damage. [potion of mutation]
  4748 | D:8      | XOM: swap monsters
  4815 | D:8      | Reached skill level 14 in Unarmed Combat
  4819 | D:8      | XOM: silly message
  4908 | D:8      | XOM: summons 4 hostile shadow creatures
  5166 | D:8      | Reached skill level 7 in Throwing
  5336 | D:9      | XOM: noise
  5364 | D:9      | XOM: blink monster(s)
  5370 | D:9      | XOM: blink monster(s)
  5377 | D:9      | XOM: summons friendly iron imp
  5619 | D:9      | XOM: noise
  5956 | D:9      | Found a burning altar of Makhleb.
  5965 | D:9      | Reached XP level 11. HP: 93/94 MP: 10/10
  6029 | D:9      | Found a hazy altar of Hepliaklqana.
  6089 | D:9      | Reached skill level 15 in Unarmed Combat
  6398 | D:10     | Entered Level 10 of the Dungeon
  6412 | D:10     | Found a staircase to the Lair.
  6433 | D:10     | XOM: confusion (+ monsters)
  6438 | D:10     | Noticed an oklob plant
  6443 | D:10     | XOM: noise
  6451 | D:10     | XOM: stat loss: -1 Int (7/8)
  6459 | D:10     | Killed an oklob plant
  6486 | D:10     | Reached skill level 8 in Throwing
  6598 | D:10     | XOM: give mutation
  6598 | D:10     | Gained mutation: You are very clumsy. (Dex -4) [Xom's
                  | mischief]
  6645 | D:10     | XOM: 1-stop teleportation journey
  6750 | D:10     | Identified 2 potions of resistance
  6770 | D:10     | XOM: fog
  6972 | D:10     | Noticed a two-headed ogre
  6979 | D:10     | XOM: potion effect (haste)
  6984 | D:10     | Killed a two-headed ogre
  7302 | D:11     | XOM: summons 3 hostile shadow creatures
  7303 | D:11     | Noticed a two-headed ogre
  7327 | D:11     | XOM: summons 1 hostile demon
  7368 | D:11     | XOM: butterfly on damage
  7381 | D:11     | XOM: enchant monster (good)
  7440 | Lair:1   | Entered Level 1 of the Lair of Beasts
  7492 | Lair:1   | XOM: confuse monster(s)
  7708 | Lair:1   | XOM: 2-stop teleportation journey
  7744 | Lair:1   | XOM: swap monsters
  7780 | Lair:1   | XOM: polymorph komodo dragon -> yaktaur
  7788 | Lair:1   | Reached skill level 16 in Unarmed Combat
  7883 | Lair:1   | Found a dark tunnel.
  7989 | Lair:1   | XOM: stat loss: -1 Int (6/8)
  8132 | Lair:1   | XOM: confusion (+ monsters)
  8326 | Lair:1   | XOM: enchant monster (good)
  8337 | Lair:1   | Reached skill level 9 in Throwing
  8582 | Lair:1   | XOM is BORED!
  8582 | Lair:1   | XOM: summons 1 hostile shadow creature
  8830 | D:11     | XOM: blink monster(s)
  8940 | D:11     | XOM: summons 1 hostile demon
  8943 | D:11     | XOM: enchant monster (bad)
  8947 | D:11     | Noticed Josephine
  8950 | D:11     | XOM: cast spell 'Necromutation'
  8953 | D:11     | XOM: chaos cloud
  8954 | D:11     | Killed Josephine
  8964 | D:11     | XOM: enchant monster (bad)
  8967 | D:11     | XOM: destruction
  8971 | D:11     | Reached skill level 3 in Fighting
  8972 | D:11     | Reached XP level 12. HP: 82/105 MP: 11/11
  9256 | D:11     | Identified the +8 whip of the Wizarding Queen {heavy, rF+}
  9297 | D:11     | XOM: cloud trail
  9458 | D:11     | You fall into a shaft and drop 2 floors!
  9462 | D:13     | Noticed a two-headed ogre
  9468 | D:13     | Killed a two-headed ogre
  9536 | D:13     | Identified the +1 kite shield of Makhleb's Castigation {rC+
                  | Stlth+}
  9554 | D:13     | Found Emiocw's Armour Shop.
  9557 | D:13     | Noticed a centaur warrior
  9558 | D:13     | Noticed a centaur warrior
  9569 | D:13     | Noticed a tengu warrior
  9571 | D:13     | XOM: scenery: summon butterflies
  9574 | D:13     | Killed a centaur warrior
  9575 | D:13     | Reached skill level 4 in Fighting
  9578 | D:13     | Killed a centaur warrior
  9579 | D:13     | Reached skill level 10 in Throwing
  9581 | D:13     | Noticed a tengu warrior
  9581 | D:13     | XOM: 7-stop teleportation journey
  9586 | D:13     | Noticed a tengu warrior
  9586 | D:13     | Noticed a tengu warrior
  9587 | D:13     | XOM: enchant monster (good)
  9590 | D:12     | Noticed a two-headed ogre
  9597 | D:12     | Killed a two-headed ogre
  9636 | D:12     | XOM: smoke on damage
  9644 | D:12     | Reached skill level 5 in Fighting
  9645 | D:12     | Noticed a two-headed ogre
  9659 | D:12     | Killed a two-headed ogre
  9720 | D:12     | XOM: fog
  9793 | D:12     | XOM: butterfly on damage
  9808 | D:12     | XOM: chaos cloud
  9894 | D:12     | XOM: enchant monster (bad)
  9901 | D:12     | Reached skill level 6 in Fighting
  9901 | D:12     | Reached skill level 11 in Throwing
  9907 | D:12     | XOM: summons 2 friendly demons
  9980 | D:12     | XOM: summons friendly crimson imp
  9994 | D:12     | Noticed a two-headed ogre
  9996 | D:12     | XOM: swap monsters
  9997 | D:12     | XOM: summons 7 hostile demons
  9999 | D:12     | XOM: confusion
 10012 | D:12     | HP: 6/114 [fire elemental[a deep elf pyromancer] (10)]
 10169 | D:11     | XOM: summons 2 hostile demons
 10253 | D:12     | Identified the +4 falchion "Bonof" {freeze, Dex+6}
 10253 | D:12     | Noticed a two-headed ogre
 10253 | D:12     | XOM: confusion
 10264 | D:12     | Killed a two-headed ogre
 10270 | D:12     | Reached skill level 1 in Shields
 10380 | D:12     | XOM: stat loss: -1 Dex (4/5)
 10494 | D:12     | Reached skill level 2 in Shields
 10725 | D:12     | Found a staircase to the Orcish Mines.
 10851 | D:12     | Reached skill level 1 in Evocations
 10870 | D:12     | Identified the +0 cloak of Ruherghor {rC- rN++ MP-9 Stlth+}
 10878 | D:12     | Killed a two-headed ogre
 10879 | D:12     | Reached skill level 3 in Shields
 10879 | D:12     | Reached XP level 13. HP: 122/122 MP: 12/12
 11179 | D:12     | XOM: stat loss: -1 Str (26/27)
 11243 | Lair:2   | Reached skill level 2 in Evocations
 11297 | Lair:2   | XOM: 2-stop teleportation journey
 11300 | Lair:2   | XOM: noise
 11371 | Lair:2   | Reached skill level 4 in Shields
 11408 | Lair:2   | XOM: smoke on damage
 11414 | Lair:2   | XOM: polymorph water moccasin -> glowing shapeshifter
 11432 | Lair:2   | XOM: noise
 11442 | Lair:2   | Reached skill level 3 in Evocations
 11629 | Lair:2   | XOM: blink monster(s)
 11911 | Lair:2   | Reached skill level 5 in Shields
 12016 | Lair:2   | XOM: enchant monster (bad)
 12109 | Lair:2   | Found a staircase to the Swamp.
 12207 | Lair:3   | XOM: confuse monster(s)
 12209 | Lair:3   | XOM: destruction
 12215 | Lair:3   | XOM: summons friendly quasit
 12218 | Lair:3   | XOM: potion effect (heal wounds)
 12225 | Lair:3   | XOM: cleaving
 12230 | Lair:3   | Reached skill level 4 in Evocations
 12265 | Lair:3   | Found a staircase to the Snake Pit.
 12334 | Lair:3   | XOM: cast spell 'Cause Fear'
 12344 | Lair:3   | XOM: polymorph yak -> entropy weaver
 12348 | Lair:3   | XOM: scenery: create altars
 12372 | Lair:3   | Reached skill level 6 in Shields
 12473 | Lair:3   | XOM: potion effect (berserk rage)
 12481 | Lair:3   | XOM: confuse monster(s)
 12538 | Lair:3   | XOM: enchant monster (good)
 13154 | Lair:4   | XOM: cast spell 'Necromutation'
 13285 | Lair:4   | XOM: confuse monster(s)
 13373 | Lair:4   | Reached skill level 7 in Shields
 13379 | Lair:4   | XOM: fog
 13467 | Lair:4   | Found a staircase to the Slime Pits.
 13511 | Lair:4   | XOM: give mutations
 13511 | Lair:4   | Gained mutation: You are partially covered in iridescent
                  | scales. (AC +2) [Xom's grace]
 13511 | Lair:4   | Gained mutation: You are resistant to electric shocks.
                  | (rElec) [Xom's grace]
 13511 | Lair:4   | Gained mutation: Your mind is acute. (Int +4, Str/Dex -1)
                  | [Xom's grace]
 14101 | Lair:5   | Entered Level 5 of the Lair of Beasts
 14107 | Lair:4   | XOM: summons friendly white imp
 14111 | Lair:4   | Reached skill level 17 in Unarmed Combat
 14132 | Lair:5   | Identified the +7 dire flail of Peevveru {speed, Dex+8
                  | Stlth+}
 14169 | Lair:5   | XOM: enchant monster (bad)
 14174 | Lair:5   | XOM: cleaving
 14182 | Lair:5   | XOM: blink monster(s)
 14278 | Lair:5   | XOM: noise
 14315 | Lair:5   | Noticed Rupert
 14315 | Lair:5   | XOM: divination: detect items
 14328 | Lair:5   | XOM: summons 4 friendly demons
 14331 | Lair:5   | Killed Rupert
 14339 | Lair:5   | XOM: potion effect (heal wounds)
 14350 | Lair:5   | XOM: cloud trail
 14382 | Lair:5   | XOM: cast spell 'Leda's Liquefaction'
 14388 | Lair:5   | Reached XP level 14. HP: 114/129 MP: 13/13
 14400 | Lair:5   | Reached skill level 8 in Shields
 14482 | Lair:5   | XOM: divination: detect items
 14707 | Lair:5   | XOM: noise
 14751 | Lair:5   | XOM: potion effect (curing)
 14804 | Lair:5   | XOM: confusion
 15266 | Lair:5   | XOM: give mutations
 15266 | Lair:5   | Lost mutation: Your body sometimes deteriorates upon taking
                  | damage. [Xom's mischief]
 15266 | Lair:5   | Gained mutation: You possess an exceptional clarity of
                  | mind. [Xom's mischief]
 15266 | Lair:5   | Lost mutation: You are resistant to electric shocks.
                  | (rElec) [Xom's mischief]
 15266 | Lair:5   | Lost mutation: You occasionally lose the ability to read
                  | scrolls when taking damage. [Xom's mischief]
 15509 | Lair:5   | XOM: god gift: 2 large rocks
 15521 | Lair:5   | XOM: enchant monster (good)
 15528 | Lair:5   | XOM: summons friendly iron imp
 15532 | Lair:5   | XOM: scenery: summon butterflies
 15533 | Lair:5   | Reached skill level 9 in Shields
 15533 | Lair:5   | XOM: summons 2 friendly demons
 15550 | Lair:5   | Reached skill level 18 in Unarmed Combat
 15587 | Lair:5   | XOM: give mutations
 15587 | Lair:5   | Gained mutation: Your system is resistant to poisons.
                  | (rPois) [Xom's grace]
 15587 | Lair:5   | Lost mutation: You are very clumsy. (Dex -4) [Xom's grace]
 15595 | Lair:5   | XOM: give mutations
 15595 | Lair:5   | Gained mutation: You are mostly covered in iridescent
                  | scales. (AC +4) [Xom's grace]
 15595 | Lair:5   | Gained mutation: You have supernaturally acute eyesight.
                  | (SInv) [Xom's grace]
 15595 | Lair:5   | Gained mutation: You are strong-willed. (Will+) [Xom's
                  | grace]
 15620 | Lair:5   | XOM: give mutations
 15620 | Lair:5   | Gained mutation: Your body sometimes deteriorates upon
                  | taking damage. [Xom's mischief]
 15620 | Lair:5   | Gained mutation: You are weak. (Str -2) [Xom's mischief]
 15620 | Lair:5   | Lost mutation: You are clumsy. (Dex -2) [Xom's mischief]
 15712 | Lair:5   | XOM: stat loss: -1 Dex (7/8)
 15807 | Lair:5   | Found a corrupted altar of Lugonu.
 15807 | Lair:5   | Found a one-way gate to the infinite horrors of the Abyss.
 16047 | D:13     | XOM: smoke on damage
 16049 | D:13     | XOM: blink monster(s)
 16153 | Orc:1    | Entered Level 1 of the Orcish Mines
 16240 | Orc:1    | XOM: 1-stop teleportation journey
 16245 | Orc:1    | XOM: blink monster(s)
 16264 | Orc:1    | XOM: noise
 16275 | Orc:1    | Reached skill level 7 in Fighting
 16303 | Orc:1    | XOM: divination: detect items
 16492 | Orc:1    | Noticed an orc warlord
 16495 | Orc:1    | XOM: give mutation
 16495 | Orc:1    | Gained mutation: You occasionally lose the ability to drink
                  | potions when taking damage. [Xom's mischief]
 16515 | Orc:1    | Killed an orc warlord
 16743 | Orc:2    | Entered Level 2 of the Orcish Mines
 16899 | Orc:2    | XOM: give mutations
 16899 | Orc:2    | Lost mutation: You are weak. (Str -2) [Xom's mischief]
 16899 | Orc:2    | Lost mutation: Your system is resistant to poisons. (rPois)
                  | [Xom's mischief]
 16939 | Orc:2    | Noticed Donald
 16948 | Orc:2    | XOM: enchant monster (bad)
 16955 | Orc:2    | XOM: give mutations
 16955 | Orc:2    | Gained mutation: Your body often deteriorates upon taking
                  | damage. [Xom's mischief]
 16955 | Orc:2    | Gained mutation: You sometimes lose the ability to drink
                  | potions when taking damage. [Xom's mischief]
 16955 | Orc:2    | Lost mutation: You have supernaturally acute eyesight.
                  | (SInv) [Xom's mischief]
 16958 | Orc:2    | Killed Donald
 17030 | Orc:2    | XOM: summons 8 hostile demons
 17164 | Orc:2    | XOM: 2-stop teleportation journey
 17331 | Orc:2    | Found Elasuedu's Antique Weapon Shoppe.
 17331 | Orc:2    | Found Lidonemi's Distillery.
 17332 | Orc:2    | Found Yfuebrab's Book Boutique.
 17332 | Orc:2    | Found Miuw's Armour Emporium.
 17338 | Orc:2    | Reached skill level 8 in Fighting
 17344 | Orc:2    | XOM: 1-stop teleportation journey
 17345 | Orc:2    | XOM: polymorph two-headed ogre -> anaconda
 17463 | Orc:2    | XOM: give mutation
 17463 | Orc:2    | Lost mutation: Your body often deteriorates upon taking
                  | damage. [Xom's mischief]
 17471 | Orc:2    | Found a staircase to the Elven Halls.
 17563 | Orc:2    | Reached skill level 19 in Unarmed Combat
 17563 | Orc:2    | Reached XP level 15. HP: 135/145 MP: 14/14
 17583 | Orc:2    | XOM: chaos upgrade
 17777 | Orc:2    | XOM: polymorph ogre mage -> glowing shapeshifter
 17931 | Orc:2    | XOM: summons 8 hostile demons
 18010 | D:13     | XOM: give mutation
 18010 | D:13     | Lost mutation: Your body sometimes deteriorates upon taking
                  | damage. [Xom's mischief]
 18150 | D:13     | XOM: polymorph tengu warrior -> anaconda
 18165 | D:13     | Reached skill level 9 in Fighting
 18203 | D:13     | XOM: divination: detect items
 18245 | D:13     | XOM: destruction
 18477 | D:14     | XOM: potion effect (invisibility)
 18480 | D:14     | XOM: cleaving
 18539 | D:14     | XOM: scenery: create altars
 18680 | D:14     | XOM: give mutation
 18680 | D:14     | Gained mutation: You have sharp toenails. [Xom's grace]
 18685 | D:14     | XOM: scenery: 1 doors open, 1 doors close
 19073 | D:14     | XOM: god gift: wand of iceblast (5)
 19225 | D:14     | XOM: confuse monster(s)
 19268 | D:14     | XOM: give mutations
 19268 | D:14     | Gained mutation: Your muscles are strong. (Str +4, Int/Dex
                  | -1) [Xom's grace]
 19268 | D:14     | Gained mutation: A frigid envelope surrounds you and
                  | freezes all who hurt you. [Xom's grace]
 19268 | D:14     | Gained mutation: You have a pair of small antennae on your
                  | head. [Xom's grace]
 19268 | D:14     | Gained mutation: You heal very quickly. [Xom's grace]
 19270 | D:14     | XOM: destruction
 19271 | D:14     | XOM: scenery: 5 doors close
 19272 | D:14     | XOM: scenery: 4 doors open, 1 doors close
 19283 | D:14     | Reached skill level 12 in Throwing
 19312 | D:14     | Found the +8 frozen axe "Frostbite" {freeze, freezing
                  | cloud, *Noise Fly rC+}
 19318 | D:14     | Upgraded the game from 0.30-a0-596-g0af90f9a20 to
                  | 0.30-a0-605-gb2882149bf
 19434 | D:14     | Found a gate to the Vaults.
 19455 | D:14     | XOM: give mutations
 19455 | D:14     | Gained mutation: You expend magic power (3 MP) to
                  | strengthen your wands. [Xom's grace]
 19455 | D:14     | Gained mutation: You passively dampen the noise of your
                  | surroundings. [Xom's grace]
 19495 | D:15     | Entered Level 15 of the Dungeon
 19519 | D:15     | XOM: polymorph death knight -> anaconda
 19638 | D:15     | XOM: god gift: wand of digging (4)
 19965 | D:15     | Reached skill level 10 in Fighting
 20104 | D:15     | XOM: cloud trail
 20404 | D:15     | Identified the +0 robe of Xyril {Str+4}
 20462 | D:15     | Found a staircase to the Depths.
 20473 | D:15     | XOM: confuse monster(s)
 20821 | D:15     | XOM: divination: detect creatures
 20887 | D:15     | XOM: divination: detect creatures
 20915 | D:15     | XOM: divination: detect items
 21062 | Snake:1  | Entered Level 1 of the Snake Pit
 21114 | Snake:1  | XOM: 1-stop teleportation journey
 21245 | Snake:1  | XOM: silly message
 21246 | Snake:1  | Found Tigiv's Overcharged Wands.
 21326 | Snake:1  | Reached skill level 13 in Throwing
 21364 | Snake:1  | XOM: give mutations
 21364 | Snake:1  | Gained mutation: You have a pair of antennae on your head.
                  | [Xom's grace]
 21364 | Snake:1  | Gained mutation: You have a pair of large antennae on your
                  | head. (SInv) [Xom's grace]
 21470 | Snake:1  | XOM: scenery: create altars
 21737 | Snake:1  | XOM: god gift: 60 gold pieces
 21784 | Snake:1  | XOM: snakes to sticks
 21787 | Snake:1  | XOM: snakes to sticks
 22112 | Snake:1  | Reached skill level 11 in Fighting
 22244 | Snake:1  | XOM: silly message
 22402 | Snake:1  | Identified the +6 rapier of the Land of Plenty {freeze, rN+
                  | Int+3 Dex+3}
 22459 | Snake:1  | XOM: scenery: create altars
 22465 | Snake:1  | XOM: god gift: 8 stones
 22496 | Snake:2  | Reached XP level 16. HP: 162/162 MP: 15/15
 22589 | Snake:2  | XOM: divination: detect items
 22678 | Snake:2  | XOM: summons friendly shadow imp
 22700 | Snake:2  | XOM: polymorph shadow imp -> iron imp
 22701 | Snake:2  | XOM: divination: detect creatures
 22809 | Snake:2  | XOM: enchant monster (bad)
 22922 | Snake:2  | XOM: torment (82/162 hp)
 22996 | Snake:2  | Found a shimmering altar of Xom.
 23094 | Snake:2  | XOM: swap monsters
 23213 | Snake:2  | XOM: give mutations
 23213 | Snake:2  | Lost mutation: Your muscles are strong. (Str +4, Int/Dex
                  | -1) [Xom's mischief]
 23213 | Snake:2  | Lost mutation: You heal very quickly. [Xom's mischief]
 23213 | Snake:2  | Lost mutation: You have a pair of large antennae on your
                  | head. (SInv) [Xom's mischief]
 23214 | Snake:2  | Reached skill level 14 in Throwing
 23462 | Snake:2  | XOM: cast spell 'Summon Horrible Things'
 23469 | Snake:2  | Reached skill level 12 in Fighting
 23540 | Snake:2  | XOM: confuse monster(s)
 23651 | Snake:2  | XOM: give mutation
 23651 | Snake:2  | Lost mutation: You possess an exceptional clarity of mind.
                  | [Xom's mischief]
 23783 | Snake:2  | XOM: confusion
 23793 | Snake:2  | XOM: scenery: summon butterflies
 23834 | Snake:2  | XOM: give mutation
 23834 | Snake:2  | Lost mutation: You have sharp toenails. [Xom's mischief]
 23835 | Snake:2  | Identified a scroll of acquirement
 23835 | Snake:2  | Acquired the ring of Alell {rElec rPois rC+ Str-2 Dex-2}
 23962 | Snake:2  | XOM: scenery: 2 doors close
 23963 | Snake:2  | XOM: cloud trail
 24008 | Snake:2  | XOM: give mutations
 24008 | Snake:2  | Gained mutation: Your body sometimes deteriorates upon
                  | taking damage. [Xom's mischief]
 24008 | Snake:2  | Lost mutation: You are mostly covered in iridescent scales.
                  | (AC +4) [Xom's mischief]
 24008 | Snake:2  | Lost mutation: Your body sometimes deteriorates upon taking
                  | damage. [Xom's mischief]
 24147 | Snake:2  | XOM: god gift: potion of curing
 24298 | Snake:3  | Noticed Aizul
 24307 | Snake:3  | Killed Aizul
 24410 | Snake:3  | XOM: summons friendly shadow imp
 24414 | Snake:3  | XOM is BORED!
 24414 | Snake:3  | XOM: noise
 24423 | Snake:3  | XOM: enchant monster (bad)
 24430 | Snake:3  | XOM: summons friendly ufetubus
 24622 | Snake:3  | XOM: enchant monster (good)
 24633 | Snake:3  | XOM: blink monster(s)
 24640 | Snake:3  | XOM: divination: detect creatures
 24660 | Snake:3  | Reached skill level 15 in Throwing
 24660 | Snake:3  | Found Osuast Jaluwn's Weapon Boutique.
 24764 | Snake:3  | XOM: noise
 24842 | Snake:3  | XOM: noise
 24930 | Snake:3  | Reached skill level 13 in Fighting
 24970 | Snake:3  | XOM: cloud trail
 25090 | Snake:3  | Reached XP level 17. HP: 176/176 MP: 16/16
 25161 | Snake:3  | XOM: cloud trail
 25616 | D:5      | Fell from the grace of Xom
 25616 | D:5      | Became a worshipper of Warmaster Okawaru
 25902 | Snake:4  | Entered Level 4 of the Snake Pit
 26054 | Snake:3  | Reached skill level 1 in Armour
 26340 | Snake:4  | Reached skill level 2 in Armour
 26345 | Snake:4  | XOM: stat loss: -1 Dex (5/6)
 26348 | Snake:4  | Noticed Vashnia
 26351 | Snake:4  | Reached * piety under Okawaru
 26370 | Snake:4  | HP: 15/176 [Vashnia/arrow (10)]
 26370 | Snake:4  | HP: 6/176 [Vashnia/arrow (9)]
 26375 | Snake:4  | HP: 6/176 [poisoned by Vashnia (splash of poison)]
 26577 | Snake:3  | XOM: give mutation
 26577 | Snake:3  | Gained mutation: Your spells are a little easier to cast,
                  | but a little less powerful. [Xom's mischief]
 26657 | Snake:4  | Killed Vashnia
 26838 | Snake:4  | Reached skill level 3 in Armour
 27151 | Snake:4  | Found Qoujepn's Weapon Emporium.
 27191 | Snake:4  | XOM: summons 3 hostile shadow creatures
 27466 | Snake:4  | Reached ** piety under Okawaru
 27506 | Snake:4  | Reached skill level 4 in Armour
 27565 | Snake:4  | Identified the +8 dagger "Moclil" {heavy, Str+6}
 27580 | Snake:4  | Reached skill level 16 in Throwing
 27606 | Snake:4  | Identified the +6 short sword "Reihaots" {heavy, rElec
                  | Stlth+}
 27618 | Snake:4  | XOM: enchant monster (bad)
 27689 | Snake:4  | Reached *** piety under Okawaru
 27811 | Snake:4  | Reached skill level 5 in Armour
 27926 | Snake:4  | Acquired a manual of Throwing
 28149 | Snake:4  | Received a gift from Okawaru
 28150 | Snake:4  | Reached **** piety under Okawaru
 28223 | Snake:4  | HP: 17/176 [shock serpent (4)]
 28514 | Snake:4  | Reached skill level 6 in Armour
 28550 | Snake:4  | Reached skill level 17 in Throwing
 28648 | Snake:4  | Received a gift from Okawaru
 28844 | Snake:4  | XOM: noise
 28859 | Snake:4  | Got a serpentine rune of Zot
 29262 | Vaults:1 | Entered Level 1 of the Vaults
 29308 | Vaults:1 | Received a gift from Okawaru
 29481 | Vaults:1 | XOM: 4-stop teleportation journey
 29487 | Vaults:1 | Found Iczojuez's Magic Scroll Emporium.
 29493 | Vaults:1 | Reached skill level 7 in Armour
 29500 | Vaults:1 | Reached XP level 18. HP: 158/185 MP: 14/17
 29509 | Vaults:1 | Received a gift from Okawaru
 29518 | Vaults:1 | Reached ***** piety under Okawaru
 29553 | Vaults:1 | Bought a scroll of enchant armour for 97 gold pieces
 29553 | Vaults:1 | Bought 3 scrolls of blinking for 292 gold pieces
 29553 | Vaults:1 | Bought a scroll of magic mapping for 97 gold pieces
 29585 | Vaults:1 | Reached skill level 18 in Throwing
 29608 | Vaults:1 | XOM: 2-stop teleportation journey
 29757 | Vaults:1 | XOM: 1-stop teleportation journey
 29778 | Vaults:1 | Received a gift from Okawaru
 29781 | Vaults:1 | Reached skill level 8 in Armour
 29952 | Vaults:1 | XOM: stat loss: -1 Str (27/28)
 30041 | Vaults:1 | XOM: noise
 30300 | Vaults:1 | Received a gift from Okawaru
 30488 | Abyss:4  | Cast into level 4 of the Abyss (Xom)
 30502 | Abyss:4  | Reached skill level 19 in Throwing
 30513 | Abyss:4  | Noticed a lich
 30513 | Abyss:4  | Noticed a lich
 30523 | Abyss:4  | Killed a lich
 30523 | Abyss:4  | Received a gift from Okawaru
 30529 | Abyss:4  | Killed a lich
 30530 | Abyss:4  | Reached skill level 9 in Armour
 30536 | Abyss:4  | Received a gift from Okawaru
 30552 | Abyss:4  | Got an abyssal rune of Zot
 30555 | Abyss:4  | Noticed a bone dragon
 30588 | Abyss:4  | Killed a bone dragon
 30597 | Vaults:1 | You pass through the gate.
 30597 | Vaults:1 | Escaped the Abyss
 30731 | Vaults:1 | Paralysed by a great orb of eyes for 3 turns
 30789 | Vaults:1 | Received a gift from Okawaru
 31462 | Vaults:2 | XOM: noise
 31680 | Vaults:2 | XOM: give mutation
 31680 | Vaults:2 | Gained mutation: You are weak. (Str -2) [Xom's mischief]
 31983 | Vaults:2 | Identified the +0 tower shield "Butoug" {Str+2} (Okawaru
                  | gifted it to you on level 2 of the Vaults)
 31983 | Vaults:2 | Received a gift from Okawaru
 32062 | Vaults:2 | Reached skill level 10 in Armour
 32180 | Vaults:2 | XOM: summons 9 hostile demons
 32197 | Vaults:2 | XOM: god gift: 489 gold pieces
 32290 | Vaults:2 | Reached ****** piety under Okawaru
 32301 | Vaults:2 | Reached XP level 19. HP: 175/195 MP: 18/18
 32740 | Vaults:2 | Acquired a manual of Evocations
 32806 | Vaults:2 | Reached skill level 5 in Evocations
 32808 | Vaults:2 | HP: 15/196 [slime creature (7)]
 32817 | Vaults:2 | HP: 5/196 [large slime creature (22)]
 33251 | Vaults:3 | XOM: swap monsters
 33258 | Vaults:3 | Received a gift from Okawaru
 33261 | Vaults:3 | Reached skill level 14 in Fighting
 33281 | Vaults:3 | Reached skill level 6 in Evocations
 33311 | Vaults:3 | Reached skill level 11 in Armour
 33437 | Vaults:3 | Received a gift from Okawaru
 33512 | Vaults:3 | XOM: give mutations
 33512 | Vaults:3 | Gained mutation: You are frail. (-10% HP) [Xom's mischief]
 33512 | Vaults:3 | Lost mutation: You passively dampen the noise of your
                  | surroundings. [Xom's mischief]
 33512 | Vaults:3 | Gained mutation: Armour fits poorly on your strangely
                  | shaped body. [Xom's mischief]
 33512 | Vaults:3 | Lost mutation: You have a pair of antennae on your head.
                  | [Xom's mischief]
 33624 | Vaults:3 | Received a gift from Okawaru
 33699 | Vaults:3 | Found a transporter.
 33702 | Vaults:3 | Found a transporter.
 33703 | Vaults:3 | Found a bloodstained altar of Trog.
 33705 | Vaults:3 | Noticed Ygreuj's ghost (veteran DsFi)
 33817 | Vaults:3 | Reached skill level 7 in Evocations
 33823 | Vaults:3 | XOM: enchant monster (bad)
 33871 | Vaults:3 | Received a gift from Okawaru
 33937 | Vaults:3 | Received a gift from Okawaru
 33979 | Vaults:3 | Found a staircase to the Crypt.
 34179 | Vaults:3 | XOM: summons 14 hostile demons
 34268 | Vaults:3 | XOM: noise
 34465 | Vaults:3 | Reached skill level 8 in Evocations
 34666 | Vaults:3 | HP: 6/178 [orc knight/+0 battleaxe (18)]
 34695 | Vaults:3 | XOM: give mutation
 34695 | Vaults:3 | Gained mutation: You heal very quickly. [Xom's grace]
 34739 | Vaults:3 | XOM: noise
 34739 | Vaults:3 | Was forgiven by Xom
 34823 | Vaults:4 | Found a glowing silver altar of Zin.
 34824 | Vaults:4 | Found a white marble altar of Elyvilon.
 34831 | Vaults:4 | Found a crumbling gateway.
 34856 | Vaults:4 | Found a glowing golden altar of the Shining One.
 34863 | Desolati | Entered the Desolation of Salt
 34896 | Desolati | Received a gift from Okawaru
 34972 | Desolati | Reached skill level 9 in Evocations
 34986 | Desolati | Identified the +6 spear of Wealth {elec, Str+6} (Okawaru
                  | gifted it to you in the Desolation of Salt)
 34986 | Desolati | Received a gift from Okawaru
 35001 | Desolati | HP: 14/159 [halazid warlock/ghostly fireball (39)]
 35128 | Desolati | Reached skill level 15 in Fighting
 35146 | Desolati | Identified the ring of Orthodoxy {Fire rN+ Will++ Str+4
                  | Dex+3}
 35161 | Desolati | Identified the ring of Xoguqim {rC+ MP+9 Dex+5 Slay+2}
 35165 | Desolati | Identified the ring of Lugonu's Respect {*Corrode rElec
                  | Will+++ MP+9 Stlth-}
 35171 | Desolati | Got the Vellum of Malisons and Poison
 35286 | Desolati | Reached XP level 20. HP: 179/181 MP: 19/19
 35320 | Desolati | Reached skill level 10 in Evocations
 35375 | Desolati | Identified the +3 hat "Raxzaoq" {rCorr} (Okawaru gifted it
                  | to you in the Desolation of Salt)
 35375 | Desolati | Received a gift from Okawaru
 35393 | Desolati | HP: 17/177 [saltling (9)]
 35394 | Desolati | >>dead here i think
 35395 | Desolati | HP: 6/177 [ragged hierophant/a resonance strike[a halazid
                  | warlock] (12)]
 35405 | Desolati | HP: 11/177 [servant of whispers/bolt of lightning (11)]
 35413 | Vaults:4 | HP: 8/177 [servant of whispers/bolt of lightning (9)]
 35695 | Vaults:4 | HP: 8/180 [red ugly thing[a wizard] (21)]
 36107 | Vaults:4 | Reached skill level 11 in Evocations
 36265 | Vaults:4 | Found Fitames's Weapon Shoppe.
 36879 | Depths:1 | Entered Level 1 of the Depths
 37034 | Depths:1 | Found a gateway to Hell.
 37314 | Swamp:1  | Entered Level 1 of the Swamp
 37605 | Swamp:1  | Reached skill level 16 in Fighting
 37668 | Swamp:1  | Reached skill level 12 in Armour
 37922 | Swamp:2  | Identified the +6 war axe of Incongruity {venom, MP+9
                  | Int+2}
 37951 | Swamp:2  | Received a gift from Okawaru
 38717 | Swamp:3  | Noticed Mara
 38741 | Swamp:3  | Killed Mara
 38761 | Swamp:3  | Received a gift from Okawaru
 39429 | Swamp:4  | Entered Level 4 of the Swamp
 39890 | Swamp:4  | Reached skill level 13 in Armour
 40035 | Swamp:4  | Reached XP level 21. HP: 200/200 MP: 20/20
 40070 | Swamp:4  | Noticed the 27-headed Lernaean hydra
 40079 | Swamp:4  | Killed the 27-headed Lernaean hydra
 40079 | Swamp:4  | Received a gift from Okawaru
 40116 | Swamp:4  | Reached skill level 17 in Fighting
 40219 | Swamp:4  | Got a decaying rune of Zot
 40637 | Elf:1    | Entered Level 1 of the Elven Halls
 40824 | Elf:1    | Identified the +5 kite shield "Sulif" {Harm rC++ Str+4
                  | Stlth-} (Okawaru gifted it to you on level 1 of the Elven
                  | Halls)
 40824 | Elf:1    | Received a gift from Okawaru
 40943 | Elf:1    | HP: 11/203 [deep elf archer/arrow (19)]
 40944 | Elf:1    | HP: 1/203 [deep elf archer/arrow (11)]
 40945 | Elf:1    | Shot with an arrow by a deep elf archer

Vanquished Creatures
  Mara (Swamp:3)
  the Lernaean hydra (Swamp:4)
  Vashnia (Snake:4)
  A bone dragon (Abyss:4)
  A tentacled monstrosity (Swamp:3)
  Rupert (Lair:5)
  2 liches (Abyss:4)
  Gastronok (D:8)
  A sphinx (Vaults:3)
  3 tentacled starspawn (Abyss:4)
  A thorn hunter (Swamp:4)
  2 fenstrider witches
  Donald (Orc:2)
  A deep elf sorcerer (Vaults:2)
  4 nagarajas
  2 ghouls
  Aizul (Snake:3)
  11 vault wardens
  An orc warlord (Vaults:4)
  2 angels (Vaults:4)
  15 very ugly things
  3 ironbound thunderhulks
  A stone giant (Depths:1)
  14 ironbound preservers
  A starflower (Abyss:4)
  A war gargoyle (Vaults:4)
  A vampire knight (Vaults:3)
  3 eleionomae
  11 dire elephants
  A halazid warlock (Desolation)
  4 bunyips
  4 spark wasps (Depths:1)
  An ettin (Orc:1)
  A blizzard demon (D:14)
  6 yaktaur captains
  5 great orbs of eyes
  2 crystal guardians (Desolation)
  An entropy weaver (Lair:3)
  3 ragged hierophants (Desolation)
  A shambling mangrove (Swamp:4)
  6 vault guards
  9 servants of whispers
  5 peacekeepers
  Josephine (D:11)
  16 hydras
  14 anacondas
  7 salamander tyrants
  2 ogre magi
  4 ironbound frosthearts (Vaults:1)
  2 ghost crabs
  11 centaur warriors
  A death yak (Lair:5)
  A spriggan air mage (Swamp:3)
  5 dancing weapons
  A death knight (D:14)
  22 two-headed ogres
  11 alligators
  9 naga warriors
  A boulder beetle (Vaults:1)
  18 naga sharpshooters
  3 tengu warriors
  An orc high priest (Orc:1)
  3 thrashing horrors (Lair:5)
  13 shock serpents
  A deep elf knight (Elf:1)
  3 wretched stars (Abyss:4)
  6 soul eaters
  5 goliath frogs
  2 skeletal warriors
  2 glowing orange brains
  6 salamander mystics
  A large abomination (Lair:5)
  7 sea snakes
  2 spriggan druids
  44 deep trolls
  23 swamp dragons
  13 naga ritualists
  5 bog bodies
  3 deep elf archers (Elf:1)
  7 wizards
  Pikel (D:4)
  5 orc knights
  16 ironbound convokers
  2 necromancers
  7 lindwurms
  15 deep elf pyromancers
  27 mana vipers
  3 orc sorcerers
  4 will-o-the-wisps
  3 oklob plants
  9 deep elf zephyrmancers
  4 manticores
  A manticore (shapeshifter) (Lair:2)
  18 ugly things
  5 cyclopes
  A faun (shapeshifter) (Orc:2)
  16 salamanders
  2 centaur zombies (D:15)
  17 guardian serpents
  3 elephants (Lair:5)
  26 naga magi
  41 black mambas
  14 vault sentinels
  6 smoke demons
  2 molten gargoyles (Desolation)
  A torpor snail (Lair:4)
  A gargoyle (D:12)
  9 cane toads
  2 unseen horrors
  2 rime drakes
  2 kobold demonologists
  5 freezing wraiths
  36 yaktaurs
  An unseen horror (shapeshifter) (D:12)
  6 ice devils (D:14)
  2 ancient zymes (Lair:5)
  7 komodo dragons
  2 elf skeletons (Vaults:4)
  5 starcursed masses (Abyss:4)
  2 tengu conjurers
  9 trolls
  A polar bear (Lair:3)
  6 tyrant leeches
  7 hornets
  42 saltlings (Desolation)
  2 meliai zombies (D:15)
  21 blink frogs
  A snapping turtle (shapeshifter) (Lair:5)
  A ynoxinul (Lair:5)
  A shadow (D:12)
  8 wraiths
  4 wyverns
  A vampire (D:7)
  7 spriggans
  30 slime creatures
  31 yaks
  6 water elementals
  Grum (D:8)
  3 steam dragons
  13 basilisks
  2 chaos spawn (Lair:5)
  A fire elemental (Elf:1)
  2 vampire mosquitoes (D:12)
  52 nagas
  3 wargs (Orc:1)
  19 swamp worms
  13 water moccasins
  5 acid dragons
  A human zombie (Vaults:4)
  12 swamp drakes
  4 ice beasts
  A sky beast (D:8)
  15 orc warriors
  5 black bears
  29 ogres
  11 centaurs
  13 wolves
  A phantom (D:6)
  3 kobold brigands
  Blork the orc (D:5)
  11 small abominations (Lair:5)
  2 gnoll sergeants
  10 bullfrogs
  2 necrophages
  2 scorpions
  16 wights
  A hornet simulacrum (D:15)
  5 killer bees (D:9)
  An electric eel (D:15)
  8 howler monkeys
  A crimson imp (Orc:1)
  2 hounds
  7 orc priests
  3 gnoll boudas
  14 jellies
  4 iguanas
  An iron imp (Orc:1)
  22 orc wizards
  8 hell rats
  17 gnolls
  10 adders
  A shadow imp (Orc:1)
  A white imp (Orc:1)
  2 ufetubi
  A worm (D:2)
  43 orcs
  7 ball pythons
  10 endoplasms
  4 giant cockroaches
  7 hobgoblins
  8 jackals
  16 kobolds
  4 quokkas
  6 bats
  A frilled lizard (D:2)
  4 goblins (D:1)
  4 rats (D:1)
  4 starspawn tentacles (Abyss:4)
1403 creatures vanquished.

Vanquished Creatures (collateral kills)
  An orc warlord (Orc:1)
  2 ogre magi (Orc:2)
  2 two-headed ogres (Orc:2)
  2 mana vipers
  An ancient zyme (Lair:5)
  A yak (D:8)
  A naga (Snake:3)
  5 ogres (Orc:2)
  A lemure (D:4)
  3 gnolls (D:4)
  A hobgoblin (D:4)
  4 kobolds (D:9)
  A quokka (D:4)
25 creatures vanquished.

Vanquished Creatures (others)
  2 ragged hierophants (Desolation)
  A dancing weapon (Orc:2)
  A deep elf knight (Elf:1)
  A deep elf zephyrmancer (Orc:2)
  A black mamba (Snake:3)
  5 bloated husks
  2 hornets
  2 spriggans
  A yak (Lair:1)
  2 orc wizards (Orc:1)
  5 orcs
  A bush (Lair:2)
  4 foxfires
  23 fungi
  49 plants
  4 starspawn tentacles (Abyss:4)
104 creatures vanquished.

Grand Total: 1532 creatures vanquished

Table legend: (Time is in decaauts)
 A = Elapsed time spent in this place.
 B = Non-inter-level travel time spent in this place.
 C = Inter-level travel time spent in this place.
 D = Time resting spent in this place.
 E = Time spent auto-exploring this place.
 F = Levels seen in this place.
 G = Mean time per level.
                   A        B        C        D        E       F      G
               +--------+--------+--------+--------+--------+-----+--------+
         Total |  40046 |  36951 |   3095 |   3946 |  24206 |  38 | 1053.8 |
       Dungeon |  13576 |  12331 |   1245 |    632 |   9214 |  15 |  905.1 |
          Lair |   6238 |   5381 |    857 |    438 |   3585 |   5 | 1247.6 |
         Swamp |   3039 |   2834 |    205 |    215 |   1872 |   4 |  759.8 |
     Snake Pit |   7586 |   7120 |    466 |   1366 |   4182 |   4 | 1896.5 |
  Orcish Mines |   1880 |   1788 |     92 |    157 |   1097 |   2 |  940.0 |
   Elven Halls |    193 |    193 |      0 |      0 |     88 |   1 |  193.0 |
        Vaults |   6701 |   6490 |    211 |   1005 |   4088 |   4 | 1675.2 |
        Depths |    247 |    232 |     15 |     64 |     78 |   1 |  247.0 |
         Abyss |     93 |     93 |      0 |      0 |      0 |   1 |   93.0 |
    Desolation |    488 |    488 |      0 |     67 |      0 |   1 |  488.0 |
               +--------+--------+--------+--------+--------+-----+--------+

Top non-repeatable levels by time:
 Snake:4: 2702 daAuts
Vaults:1: 2064 daAuts
 Snake:2: 1855 daAuts
Vaults:2: 1726 daAuts
  Lair:5: 1714 daAuts
 Snake:1: 1623 daAuts
Vaults:3: 1617 daAuts
    D:12: 1526 daAuts
    D:15: 1500 daAuts
 Snake:3: 1404 daAuts
   Orc:2: 1303 daAuts
Vaults:4: 1293 daAuts
  Lair:2: 1260 daAuts
    D:11: 1227 daAuts
  Lair:1: 1210 daAuts

Table legend:
 A = Non-vault XP
 B = Vault XP
 C = Vault XP percentage of total XP
 D = Non-vault monster count
 E = Vault monster count
 F = Vault count percentage of total count
                 A         B        C        D         E       F
            +---------+---------+-------+---------+---------+-------
      Total |  363949 |  257924 |  41.5 |     918 |     512 |  35.8
            +---------+---------+-------+---------+---------+-------
        D:1 |      56 |       0 |   0.0 |      34 |       0 |   0.0
        D:2 |      15 |       0 |   0.0 |       7 |       0 |   0.0
        D:3 |     181 |       0 |   0.0 |      18 |       0 |   0.0
        D:4 |     406 |     629 |  60.8 |      20 |       1 |   4.8
        D:5 |     356 |      94 |  20.9 |      12 |       1 |   7.7
        D:6 |    1254 |       0 |   0.0 |      21 |       0 |   0.0
        D:7 |     780 |       0 |   0.0 |      18 |       0 |   0.0
        D:8 |    2992 |    2150 |  41.8 |      24 |       6 |  20.0
        D:9 |    2071 |    1134 |  35.4 |      25 |       9 |  26.5
       D:10 |    2248 |     557 |  19.9 |      19 |       1 |   5.0
       D:11 |    1851 |    2137 |  53.6 |      21 |       8 |  27.6
       D:12 |    7087 |    6900 |  49.3 |      17 |      23 |  57.5
       D:13 |    8825 |       0 |   0.0 |      20 |       0 |   0.0
       D:14 |    5211 |    5090 |  49.4 |      10 |      11 |  52.4
       D:15 |   10991 |    6080 |  35.6 |      26 |      12 |  31.6
     Lair:1 |    3709 |       0 |   0.0 |      16 |       0 |   0.0
     Lair:2 |    4725 |    3568 |  43.0 |      25 |      12 |  32.4
     Lair:3 |    5127 |     463 |   8.3 |      20 |       1 |   4.8
     Lair:4 |    5413 |     514 |   8.7 |      24 |      14 |  36.8
     Lair:5 |    7474 |   13263 |  64.0 |      25 |      42 |  62.7
    Swamp:1 |    9493 |       0 |   0.0 |      22 |       0 |   0.0
    Swamp:2 |   13451 |       0 |   0.0 |      22 |       0 |   0.0
    Swamp:3 |   16065 |    4277 |  21.0 |      23 |       1 |   4.2
    Swamp:4 |   18788 |   19127 |  50.4 |      31 |      29 |  48.3
    Snake:1 |   10421 |    1998 |  16.1 |      22 |       4 |  15.4
    Snake:2 |   22854 |   14942 |  39.5 |      51 |      24 |  32.0
    Snake:3 |   27966 |    3038 |   9.8 |      46 |       7 |  13.2
    Snake:4 |   21519 |   38388 |  64.1 |      44 |      62 |  58.5
      Orc:1 |    5066 |    1466 |  22.4 |      26 |      16 |  38.1
      Orc:2 |    3211 |   22719 |  87.6 |      29 |      51 |  63.8
      Elf:1 |    9180 |    2659 |  22.5 |      15 |       5 |  25.0
   Vaults:1 |   43540 |   12259 |  22.0 |      60 |      18 |  23.1
   Vaults:2 |   29456 |   13450 |  31.3 |      39 |      20 |  33.9
   Vaults:3 |   29628 |   17615 |  37.3 |      38 |      24 |  38.7
   Vaults:4 |   23855 |   13264 |  35.7 |      36 |      20 |  35.7
   Depths:1 |    5725 |    5216 |  47.7 |       6 |       9 |  60.0
    Abyss:4 |    2959 |   12446 |  80.8 |       6 |      11 |  64.7
 Desolation |       0 |   32481 | 100.0 |       0 |      70 | 100.0
            +---------+---------+-------+---------+---------+-------
